Map: Romanticide LE

Players

ForJumy

  • Race: Protoss Protoss

GunGFuBanDa - Winner!

  • Race: Protoss Protoss

Event: DreamHack SC2 Masters 2021 Winter

VOD

Have the link to the VOD?

Description

Time

  • Played on: Oct. 7, 2021, 12:36 p.m.
  • Length: 11:13

All games in this series

Show
View Real Time Build Order
Export as new Build Order

ForJumy Protoss 

Build Orders: Phoenix Opening, Blink Stalkers 

Get SALT Encoding   

  12  0:00  Probe  
  13  0:12  Probe  
  14  0:17  Pylon  
  14  0:24  Probe  
  15  0:35  Gateway  
  15  0:36  Probe (Chrono Boost)  
  16  0:46  Assimilator, Probe (Chrono Boost)  
  17  0:51  Probe (Chrono Boost)  
  17  0:54  Assimilator  
  18  1:03  Probe (Chrono Boost)  
  19  1:07  Gateway  
  19  1:13  Probe (Chrono Boost)  
  19  1:18  Probe (Chrono Boost)  
  20  1:23  Cybernetics Core  
  21  1:29  Probe  
  22  1:37  Pylon  
  22  1:41  Probe  
  23  1:55  Probe  
  23  2:00  Stalker x2, Warp Gate (Chrono Boost)  
  28  2:07  Probe  
  29  2:14  Pylon  
  29  2:21  Pylon  
  29  2:23  Probe  
  30  2:33  Sentry  
  32  2:39  Sentry  
  34  2:49  Nexus  
  34  2:55  Pylon  
  34  3:01  Shield Battery  
  34  3:08  Sentry  
  34  3:10  Probe  
  37  3:18  Twilight Council  
  37  3:22  Probe  
  38  3:29  Phoenix  
  38  3:34  Probe (Chrono Boost)  
  38  3:39  Forge  
  39  3:46  Probe (Chrono Boost)  
  40  3:48  Stalker  
  40  3:52  Probe (Chrono Boost)  
  43  3:55  Stalker x2  
  43  3:58  Blink  
  43  4:00  Probe (Chrono Boost)  
  45  4:06  Probe (Chrono Boost)  
  46  4:10  Probe (Chrono Boost)  
  46  4:13  Protoss Ground Weapons Level 1  
  46  4:14  Probe (Chrono Boost)  
  46  4:15  Probe (Chrono Boost)  
  48  4:25  Probe  
  48  4:27  Probe  
  50  4:33  Nexus  
  50  4:39  Probe  
  50  4:41  Probe  
  50  4:43  Phoenix  
  50  4:44  Robotics Facility  
  52  4:51  Probe  
  52  4:52  Pylon  
  53  4:53  Probe  
  54  5:03  Probe  
  54  5:05  Probe  
  54  5:06  Gateway x2  
  56  5:13  Assimilator  
  56  5:15  Stalker  
  56  5:16  Assimilator, Probe  
  56  5:18  Stalker  
  56  5:20  Probe  
  62  5:23  Phoenix  
  62  5:25  Phoenix  
  62  5:28  Probe  
  63  5:32  Observer  
  64  5:38  Shield Battery  
  64  5:39  Stalker  
  64  5:41  Probe x2 (Chrono Boost)  
  64  5:42  Shield Battery  
  68  5:47  Probe (Chrono Boost)  
  68  5:48  Robotics Bay  
  69  5:52  Stalker  
  69  5:53  Probe x2 (Chrono Boost)  
  69  5:56  Probe (Chrono Boost)  
  74  5:58  Probe x2 (Chrono Boost)  
  77  6:05  Stalker x2  
  77  6:08  Pylon  
  77  6:10  Pylon  
  80  6:14  Charge  
  80  6:22  Assimilator x2, Pylon  
  80  6:26  Probe x3  
  80  6:31  Gateway  
  80  6:32  Gateway  
  83  6:34  Gateway  
  83  6:35  Observer  
  83  6:36  Colossus (Chrono Boost)  
  87  6:46  Robotics Facility  
  85  6:48  Probe (Chrono Boost)  
  85  6:51  Probe (Chrono Boost)  
  85  6:52  Protoss Ground Weapons Level 2 (Chrono Boost)  
  85  6:54  Probe (Chrono Boost)  
  87  6:58  Probe (Chrono Boost)  
  90  7:01  Probe (Chrono Boost)  
  90  7:03  Probe (Chrono Boost)  
  90  7:08  Probe (Chrono Boost)  
  91  7:11  Probe (Chrono Boost)  
  91  7:12  Extended Thermal Lance  
  91  7:14  Probe (Chrono Boost)  
  94  7:15  Pylon  
  94  7:16  Probe (Chrono Boost)  
  94  7:18  Gateway  
  94  7:19  Gateway  
  94  7:21  Colossus (Chrono Boost)  
  94  7:23  Probe  
  94  7:28  Observer  
  101  7:33  Probe, Pylon  
  101  7:35  Pylon  
  101  7:37  Probe  
  103  7:39  Colossus (Chrono Boost)  
  109  7:45  Observer  
  109  7:48  Pylon  
  109  7:49  Pylon  
  109  7:58  Photon Cannon  
  109  8:00  Dark Shrine  
  109  8:02  Stalker x3  
  115  8:08  Colossus (Chrono Boost)  
  120  8:22  Stalker x2  
  126  8:27  Warp Prism (Chrono Boost)  
  126  8:29  Pylon x2  
  126  8:30  Pylon  
  126  8:34  Stalker x2  
  130  8:44  Stalker  
  132  8:50  Stalker x3  
  132  8:51  Pylon  
  132  8:52  Pylon  
  138  8:56  Disruptor  
  138  9:01  Stalker x2  
  145  9:04  Disruptor  
  145  9:07  Zealot  
  145  9:08  Zealot  
  152  9:13  Pylon  
  152  9:23  Dark Templar x4  
  156  9:26  Probe x2  
  156  9:30  Zealot  
  148  9:35  Stalker  
  150  9:43  Probe  
  151  9:48  Zealot x2  
  134  9:56  Dark Templar x2  
  103  10:05  Stalker x2  
  103  10:06  Probe  
  84  10:08  Probe  
  82  10:18  Zealot x2, Archon, Disruptor (Chrono Boost)  
  81  10:26  Archon  
  81  10:27  Stalker x2  
  85  10:31  Probe  
  85  10:32  Probe  
  88  10:37  Stalker  
  88  10:41  Disruptor (Chrono Boost)  
  90  10:48  Zealot x3  
  96  10:54  Zealot x3  
  102  11:01  Dark Templar x2  
Show
View Real Time Build Order
Export as new Build Order

GunGFuBanDa Protoss - Winner!

Build Orders: Archon Immortal 

Get SALT Encoding   

  12  0:00  Probe  
  13  0:12  Probe  
  14  0:17  Pylon  
  14  0:24  Probe (Chrono Boost)  
  15  0:36  Probe (Chrono Boost)  
  15  0:38  Gateway  
  16  0:44  Probe (Chrono Boost)  
  16  0:47  Assimilator  
  17  0:50  Probe  
  18  0:58  Assimilator  
  18  1:03  Probe (Chrono Boost)  
  19  1:09  Gateway  
  19  1:14  Probe (Chrono Boost)  
  20  1:19  Probe  
  20  1:25  Cybernetics Core  
  21  1:31  Probe  
  22  1:38  Pylon  
  22  1:43  Probe  
  23  1:56  Probe  
  24  2:01  Stalker x2  
  24  2:03  Warp Gate  
  28  2:09  Probe  
  29  2:19  Pylon  
  29  2:34  Sentry  
  33  2:37  Sentry  
  33  2:46  Nexus  
  33  2:54  Shield Battery  
  33  2:58  Probe  
  34  3:00  Sentry  
  36  3:10  Probe  
  37  3:15  Pylon  
  37  3:22  Probe  
  37  3:24  Twilight Council  
  38  3:34  Probe (Chrono Boost)  
  38  3:38  Forge  
  39  3:44  Probe (Chrono Boost)  
  40  3:49  Probe (Chrono Boost)  
  41  4:00  Probe x2 (Chrono Boost)  
  43  4:03  Blink (Chrono Boost)  
  43  4:07  Protoss Ground Weapons Level 1 (Chrono Boost)  
  43  4:09  Probe x2 (Chrono Boost)  
  45  4:14  Probe (Chrono Boost)  
  47  4:18  Probe (Chrono Boost)  
  47  4:26  Probe (Chrono Boost)  
  47  4:31  Probe x2 (Chrono Boost)  
  49  4:32  Nexus  
  49  4:37  Robotics Facility  
  50  4:39  Probe  
  50  4:43  Pylon  
  50  4:44  Probe  
  52  4:48  Assimilator  
  52  4:53  Probe  
  52  4:57  Stalker x2  
  57  5:01  Probe  
  57  5:05  Probe  
  59  5:13  Probe  
  60  5:15  Pylon  
  60  5:17  Probe, Shield Battery  
  61  5:22  Stalker x2  
  61  5:24  Observer  
  61  5:25  Probe  
  67  5:29  Probe  
  67  5:33  Pylon  
  68  5:37  Probe  
  70  5:43  Probe (Chrono Boost)  
  70  5:44  Gateway  
  70  5:46  Gateway  
  70  5:47  Charge  
  70  5:48  Probe (Chrono Boost)  
  72  5:54  Probe (Chrono Boost)  
  73  5:59  Probe x2 (Chrono Boost)  
  73  6:03  Probe (Chrono Boost)  
  73  6:04  Probe (Chrono Boost)  
  75  6:05  Protoss Ground Weapons Level 2 (Chrono Boost)  
  75  6:08  Probe (Chrono Boost)  
  75  6:09  Warp Prism  
  79  6:14  Assimilator  
  79  6:15  Probe (Chrono Boost)  
  79  6:17  Gateway  
  82  6:19  Probe (Chrono Boost)  
  82  6:22  Gateway, Probe x2 (Chrono Boost)  
  84  6:26  Probe (Chrono Boost)  
  84  6:30  Probe  
  84  6:31  Probe  
  86  6:37  Probe  
  87  6:45  Immortal  
  87  6:46  Probe x2  
  93  6:49  Assimilator, Templar Archives  
  93  6:50  Pylon  
  93  6:56  Pylon  
  93  6:57  Gateway  
  93  6:58  Gateway  
  93  7:03  Pylon  
  93  7:05  Nexus  
  93  7:09  Pylon  
  93  7:13  Zealot x5  
  103  7:18  Photon Cannon  
  103  7:27  Zealot  
  105  7:31  Pylon  
  105  7:33  Immortal, High Templar  
  105  7:34  Zealot, High Templar x3  
  105  7:35  Probe  
  120  7:44  Archon x2  
  120  7:47  Zealot  
  122  7:52  Stargate  
  122  7:56  Zealot x3  
  128  7:59  Stargate, Shield Battery  
  128  8:00  Photon Cannon  
  128  8:01  Pylon  
  128  8:02  Probe  
  129  8:05  Assimilator  
  129  8:08  Protoss Ground Weapons Level 3 (Chrono Boost)  
  129  8:16  Immortal  
  129  8:18  Photon Cannon, Probe x2  
  135  8:29  Zealot x4  
  135  8:31  Probe x2  
  145  8:40  Phoenix (Chrono Boost)  
  147  8:41  Phoenix (Chrono Boost)  
  149  8:52  Zealot x7  
  163  9:01  Pylon  
  163  9:02  Pylon  
  163  9:05  Pylon  
  163  9:08  Pylon  
  163  9:22  Zealot x8  
  176  9:26  Immortal, Shield Battery  
  176  9:27  Shield Battery  
  176  9:29  Shield Battery  
  172  9:44  Zealot x3  
  172  9:45  Zealot x4  
  159  10:05  Stalker x8, Observer  
  150  10:15  Probe  
  150  10:16  Photon Cannon  
  151  10:22  Photon Cannon  
  151  10:26  Observer, Probe x2  
  149  10:33  Phoenix x2 (Chrono Boost)  
  149  10:34  High Templar x2  
  149  10:35  High Templar x2  
  161  10:36  Probe x2  
  161  10:38  Photon Cannon  
  163  10:42  Fleet Beacon  
  163  10:46  Assimilator  
  163  10:47  Pylon  
  163  10:48  Observer  
  163  10:49  Photon Cannon  
  164  10:51  Archon x2  
  164  10:56  Photon Cannon  
  164  10:58  Probe  
  164  10:59  Probe  
  164  11:01  Probe  
  167  11:08  Nexus  
  167  11:10  Pylon  

Tags
 
Add a new tag
Caveats
  • Supply blocks, unpowered buildings, or Contaminate may cause inaccurate times.
  • Supply counts are checked every 10 seconds.